 Dungeon Crawl Stone Soup version 0.30-a0-347-gf58ed5266c (webtiles) character file.

Game seed: 1274143908145091740

33 HolyTactitian the Slasher (level 3, 0/29 HPs)
             Began as a Human Cinder Acolyte on Nov 6, 2022.
             Was a High Priest of Ignis.
             Succumbed to an adder's poison
             ... on level 2 of the Dungeon.
             The game lasted 00:10:49 (953 turns).

HolyTactitian the Slasher (Human Cinder Acolyte)     Turns: 953, Time: 00:10:50

Health: 0/29       AC:  2    Str: 14    XL:     3   Next: 47%
Magic:  4/4        EV: 11    Int: 16    God:    Ignis [*****.]
Gold:   50         SH:  0    Dex:  8    Spells: 2/4 levels left

rFire   + . .      SeeInvis .    a - -1 falchion (flame)
rCold   . . .      Faith    .    (no shield)
rNeg    . . .      Spirit   .    b - +0 robe
rPois   .          Reflect  .    (no helmet)
rElec   .          Harm     .    (no cloak)
rCorr   .          Rampage  .    (no gloves)
Will    .....                    (no boots)
Stlth   +.........               (no amulet)
HPRegen 0.24/turn                (no ring)
MPRegen 0.09/turn                (no ring)

@: lethally poisoned (0 -> -5)
A: no striking features
a: Renounce Religion, Fiery Armour, Foxfire Swarm, Rising Flame


You were on level 2 of the Dungeon.
You worshipped Ignis.
Ignis was extremely pleased with you.
You visited 1 branch of the dungeon, and saw 2 of its levels.

You collected 50 gold pieces.

Inventory:

Hand Weapons
 a - a -1 falchion of flaming (weapon)
Missiles
 m - 5 boomerangs
Armour
 b - a +0 robe (worn)
 l - a +0 ring mail
Jewellery
 e - an amulet of magic regeneration
Scrolls
 c - a scroll of identify {unknown}
 f - 2 scrolls of enchant weapon {unknown}
 i - a scroll of blinking {unknown}
 k - a scroll of vulnerability {unknown}
Potions
 d - a potion of might {unknown}
 g - a potion of heal wounds {unknown}
 h - a potion of brilliance {unknown}
 j - 2 potions of resistance {unknown}
 n - a potion of haste {unknown}


   Skills:
 + Level 3.3 Fighting
 + Level 3.7 Long Blades
 + Level 0.2 Stealth
 + Level 1.0 Spellcasting
 + Level 3.2 Fire Magic


You had 2 spell levels left.
You knew the following spells:

 Your Spells              Type           Power      Damage    Failure   Level
a - Scorch                Fire           22%        2d6       9%          2

Your spell library contained the following spells:

 Spells                   Type           Power      Damage    Failure   Level
 Ignite Poison            Fire/Tmut/Pois 4%         N/A       41%         3
 Kindle Blastsparks       Fire/Tloc/Air  8%         2d10      41%         3
 Freezing Cloud           Conj/Ice/Air   0%         6-21      99%         5


Dungeon Overview and Level Annotations

Branches:
Dungeon (2/15)

Altars:


Message History

The adder is severely wounded.
The adder bites you.
You are poisoned.
The adder poisons you! The adder bites you.
You closely miss the adder.
The adder is severely wounded.
You feel sick. The adder bites you.
You are more poisoned.
The adder poisons you!
You miss the adder.
The adder is severely wounded.
You feel very sick. The adder misses you.
You miss the adder.
The adder is severely wounded.
You feel sick. The adder bites you. The adder misses you.
You hit the adder. You burn the adder.
The adder is almost dead.
You feel sick. The adder bites you.
You miss the adder.
The adder is almost dead.
You feel sick. The adder bites you. The adder barely misses you.
You closely miss the adder.
The adder is almost dead.
You feel sick. The adder bites you.
* * * LOW HITPOINT WARNING * * *
You barely miss the adder.
The adder is almost dead.
You feel sick. The adder bites you.
* * * LOW HITPOINT WARNING * * *
You are lethally poisoned!
The adder poisons you! The adder completely misses you.
You closely miss the adder.
The adder is almost dead.
* * * LOW HITPOINT WARNING * * *
You feel sick. The adder bites you.
* * * LOW HITPOINT WARNING * * *
You hit the adder. You burn the adder.
You kill the adder!
You die...

#.......#..##..... #.#
.########......... #.# #.##
###..##..... #.# ##.##
#....# .... #.# ..#)#
#.#### ### #.# ..##.##.#
#.# #...#.#.# ##########.#
###.###.########.......##.#
####.......##@#####.##.#
####.##..#.##.##.......##.#
..##.##...#.#.##.##.......#
#.#...#..## ........##.##.#
.......#..#.#.##......)##.#
.......#.#.##.#..#####.##..
#.............#... .......
#...#..######.#...
###.....# .......# #..#
~#...#


There were no monsters in sight!

Vanquished Creatures
  An adder (D:2)
  3 ball pythons (D:1)
  2 endoplasms (D:1)
  3 giant cockroaches (D:1)
  2 goblins
  6 hobgoblins
  2 quokkas (D:1)
  3 bats (D:1)
  A frilled lizard (D:1)
  4 kobolds
  3 rats
30 creatures vanquished.

Vanquished Creatures (collateral kills)
  4 foxfires (D:1)
4 creatures vanquished.

Vanquished Creatures (others)
  13 foxfires (D:1)
  7 plants (D:1)
  A withered plant (D:1)
21 creatures vanquished.

Grand Total: 55 creatures vanquished

Notes
Turn   | Place    | Note
-------+----------+-------------------------------------------
     0 | D:1      | HolyTactitian the Human Cinder Acolyte began the quest for
                  | the Orb.
     0 | D:1      | Reached XP level 1. HP: 18/18 MP: 2/2
   208 | D:1      | Reached XP level 2. HP: 7/24 MP: 3/3
   265 | D:1      | Learned a level 2 spell: Scorch
   440 | D:1      | Reached XP level 3. HP: 29/29 MP: 4/4
   482 | D:1      | Found a faded altar of an unknown god.
   952 | D:2      | HP: 1/29 [adder (2)]
   953 | D:2      | Succumbed to an adder's poison

Illustrated notes

Levels and vault maps discovered:
D:1:      lightli_arrival_farm, layout_rooms,
          ebering_ecumenical_altar_petrified, chequers_serial_rivers_small_b,
          serial_bayou_pond_a
D:2:      wad_crossroads, layout_loops_cross, chequers_serial_rivers_micro_d,
          minivault_4, kennysheep_generic_room_5

Action                   || total
-------------------------++-------
Melee: Falchion          ||    93
Invok: Foxfire Swarm     ||     1
       Fiery Armour      ||     1
 Stab: Sleeping          ||     1
Armor: Robe              ||    33
Dodge: Dodged            ||    59

Table legend: (Time is in decaauts)
 A = Elapsed time spent in this place.
 B = Non-inter-level travel time spent in this place.
 C = Inter-level travel time spent in this place.
 D = Time resting spent in this place.
 E = Time spent auto-exploring this place.
 F = Levels seen in this place.
 G = Mean time per level.
                   A        B        C        D        E       F      G
               +--------+--------+--------+--------+--------+-----+--------+
         Total |    998 |    964 |     34 |      0 |      0 |   2 |  499.0 |
       Dungeon |    998 |    964 |     34 |      0 |      0 |   2 |  499.0 |
               +--------+--------+--------+--------+--------+-----+--------+

Top non-repeatable levels by time:
     D:1: 735 daAuts
     D:2: 262 daAuts
